 Dungeon Crawl Stone Soup version 0.27.1-33-g824d729ab1 (webtiles) character file.

Game seed: 13379948447179832023

384 pkoi the Ruffian (level 6, -5/48 HPs)
             Began as a Draconian Warper on Dec 12, 2021.
             Succumbed to a kobold's poison
             ... on level 4 of the Dungeon.
             The game lasted 00:05:57 (4778 turns).

pkoi the Ruffian (Draconian Warper)                 Turns: 4778, Time: 00:05:58

Health: -5/48      AC:  6    Str: 13    XL:     6   Next: 47%
Magic:  9/9        EV: 12    Int: 16    God:
Gold:   45         SH:  0    Dex: 10    Spells: 1/9 levels left

rFire    . . .     SeeInvis +     - Unarmed
rCold    . . .     Faith    .   (no shield)
rNeg     . . .     Spirit   .   (armour unavailable)
rPois    .         Reflect  .   (helmet restricted)
rElec    .         Harm     .   (no cloak)
rCorr    .         Rampage  .   (no gloves)
Will     .....                  (no boots)
Stlth    +.........             (no amulet)
HPRegen  0.16/turn              o - ring of see invisible
MPRegen  0.11/turn              (no ring)

@: lethally poisoned (-5 -> -35), studying Transmutations
A: AC +6, unfitting armour, cold-blooded
a: no special abilities


You were on level 4 of the Dungeon.
You visited 1 branch of the dungeon, and saw 4 of its levels.

You collected 45 gold pieces.

Inventory:

Hand Weapons
 j - a +0 dagger
 p - a +2 falchion of holy wrath
Missiles
 b - a boomerang of dispersal (quivered)
 d - 12 poisoned darts
Jewellery
 c - an amulet of faith
 o - a ring of see invisible (left hand)
Wands
 k - a wand of iceblast (12)
Scrolls
 a - a scroll of blinking
 e - 4 scrolls of identify
 l - 3 scrolls of torment {unknown}
 m - 2 scrolls of fear
 n - a scroll of fog {unknown}
Potions
 f - a potion of mutation
 h - a potion of might


   Skills:
 - Level 2.1 Fighting
 - Level 0.8 Throwing
 - Level 2.1 Dodging
 * Level 6.5 Unarmed Combat
 - Level 2.0 Spellcasting
 + Level 3.9 Translocations


You had one spell level left.
You knew the following spells:

 Your Spells              Type           Power      Damage    Failure   Level
a - Blink                 Tloc           N/A        N/A       6%          2
b - Lesser Beckoning      Tloc           7%         N/A       12%         3
c - Gell's Gravitas       Tloc           7%         N/A       12%         3

Your spell library contained the following spells:

 Spells                   Type           Power      Damage    Failure   Level
 Magic Dart               Conj           4%         1d3       21%         1
 Teleport Other           Tloc           14%        N/A       12%         3
 Searing Ray              Conj           2%         3d3       30%         2
 Manifold Assault         Tloc           14%        N/A       75%         5
 Fulminant Prism          Conj/Hex       0%         3d6       90%         4


Dungeon Overview and Level Annotations

Branches:
Dungeon (4/15)
 Temple: D:4-7

Altars:
Cheibriados
Vehumet
Xom

Shops:
D:1 =   D:2 ?=[:[

Annotations:
D:1 Terence
D:4 Menkaure


Innate Abilities, Weirdness & Mutations

Your plain brown scales are hard. (AC +6)
You cannot fit into any form of body armour.
You are cold-blooded and may be slowed by cold attacks.


Message History

The kobold hits you but does no damage.
You are lethally poisoned!
You closely miss the kobold.
The kobold is severely wounded.
* * * LOW HITPOINT WARNING * * *
You feel very sick.
The kobold hits you with a +1 short sword of venom.
* * * LOW HITPOINT WARNING * * *
You are more poisoned.
You feel much better.
You feel very sick.
The kobold hits you with a +1 short sword of venom.
* * * LOW HITPOINT WARNING * * *
You are lethally poisoned!
You barely miss the kobold.
You tail-slap the kobold, but do no damage.
The kobold is heavily wounded.
* * * LOW HITPOINT WARNING * * *
You feel very sick.
The crimson imp hits you with a +0 dagger of chaos.
* * * LOW HITPOINT WARNING * * *
You feel yourself slow down. The crimson imp freezes you.
* * * LOW HITPOINT WARNING * * *
The kobold hits you but does no damage.
You are more poisoned.
You closely miss the kobold.
The kobold is heavily wounded.
* * * LOW HITPOINT WARNING * * *
You feel extremely sick.
The crimson imp hits you with a +0 dagger of chaos.
* * * LOW HITPOINT WARNING * * *
The crimson imp burns you.
* * * LOW HITPOINT WARNING * * *
The kobold hits you with a +1 short sword of venom.
* * * LOW HITPOINT WARNING * * *
You are more poisoned.
You hit the kobold.
You kill the kobold!
You feel yourself speed up.
You die...

#########.#
#...5.....#
#5###.###.#
#@)##.# ##..#.#
#.#.# .#.# .#†#
# ##.##
#[###...### .
###...##.##. ..
###
.....#.#5#.#...


You could see a crimson imp.

Vanquished Creatures
  A black bear (D:4)
  3 crimson imps (D:4)
  An orc priest (D:2)
  Jessica (D:2)
  4 adders
  3 worms
  2 dart slugs
  8 orcs
  2 bats (D:1)
  5 endoplasms
  2 giant cockroaches
  12 goblins
  8 hobgoblins
  8 jackals
  4 quokkas
  6 ball pythons
  2 frilled lizards (D:2)
  9 kobolds
  4 rats
85 creatures vanquished.

Vanquished Creatures (others)
  A withered plant (D:2)
1 creature vanquished.

Grand Total: 86 creatures vanquished

Notes
Turn   | Place    | Note
-------+----------+-------------------------------------------
     0 | D:1      | pkoi the Draconian Warper began the quest for the Orb.
     0 | D:1      | Reached XP level 1. HP: 17/17 MP: 3/3
    49 | D:1      | Reached XP level 2. HP: 17/24 MP: 5/5
   294 | D:1      | Reached skill level 3 in Unarmed Combat
   302 | D:1      | Found Datonk's Jewellery Boutique.
  1026 | D:1      | Reached XP level 3. HP: 28/29 MP: 6/6
  1283 | D:2      | Found Zip Jaoph's Antique Armour Shoppe.
  1287 | D:2      | Found a faded altar of an unknown god.
  1479 | D:2      | Noticed Terence
  1735 | D:2      | Reached skill level 4 in Unarmed Combat
  2141 | D:2      | Found Emyrat's Jewellery Emporium.
  2206 | D:2      | Found Vor Kas Tyd's Book Emporium.
  2270 | D:2      | Learned a level 2 spell: Blink
  2274 | D:2      | Learned a level 3 spell: Lesser Beckoning
  2295 | D:2      | Reached XP level 4. HP: 36/36 MP: 7/7
  2383 | D:2      | Found Guise's Armour Boutique.
  2417 | D:2      | Noticed Jessica
  2431 | D:2      | Killed Jessica
  2688 | D:2      | Found Ucopsas's Magic Scroll Shoppe.
  2802 | D:2      | Reached skill level 5 in Unarmed Combat
  3350 | D:2      | Reached XP level 5. HP: 24/41 MP: 8/8
  3625 | D:3      | Learned a level 3 spell: Gell's Gravitas
  4118 | D:3      | Found a radiant altar of Vehumet.
  4378 | D:3      | Found a snail-covered altar of Cheibriados.
  4491 | D:4      | Noticed Menkaure
  4563 | D:4      | Found a shimmering altar of Xom.
  4602 | D:4      | Reached skill level 6 in Unarmed Combat
  4602 | D:4      | Reached XP level 6. HP: 40/48 MP: 9/9
  4778 | D:4      | Succumbed to a kobold's poison

Illustrated notes

Levels and vault maps discovered:
D:1:      mrwooster_arrival_statue, layout_basic, serial_shops, shop_statue
D:2:      layout_loops_cross, serial_shops, shop_statue, shop, shop_statue,
          shop, shop_statue, ebering_ecumenical_altar_petrified,
          chequers_serial_rivers_large_b, chequers_decorated_corner,
          dk_noncrumbling_3, minmay_increasing_density, uniq_terence,
          uniq_jessica
D:3:      layout_rooms, nicolae_vehumet_altar_sigil,
          mainiacjoe_overflow_alcove_1
D:4:      minmay_goblin_kobold_castle, layout_cave_pools, led_xom_imps,
          minmay_manual_monstrance, uniq_grinder, uniq_menkaure

Skill      XL: |  1  2  3  4  5 |
---------------+----------------+-----
Unarmed Combat | 3 4 5 6 |  6.5
Fighting       | |  2.1
Throwing       | |  0.8
Dodging        | |  2.1
Spellcasting   | |  2.0
Translocations | |  3.9

Action                   |  1- 3 |  4- 6 || total
-------------------------+-------+-------++-------
Melee: Unarmed           |   169 |   234 ||   403
       Tailslap          |    15 |    20 ||    35
       Punch             |     5 |     4 ||     9
Throw: Boomerang         |       |     4 ||     4
  Use: Scroll            |     4 |       ||     4
       Potion            |     3 |     5 ||     8
 Stab: Distracted        |     1 |       ||     1
Armor: Skin              |    45 |    79 ||   124
Dodge: Dodged            |    97 |   146 ||   243
